 Dungeon Crawl Stone Soup version 0.31-a0-331-geda263fcf1 (webtiles) character file.

Game seed: 13194027166053198909

72 porpoise the Shooter (level 4, -6/28 HPs)
             Began as a Kobold Hunter on July 20, 2023.
             Killed from afar by Sigmund (10 damage)
             ... with a magic dart
             ... on level 2 of the Dungeon.
             The game lasted 00:02:56 (1355 turns).

porpoise the Shooter (Kobold Hunter)                Turns: 1355, Time: 00:02:57

Health: -6/28      AC:  3    Str:  8    XL:     4   Next: 48%
Magic:  4/4        EV: 14    Int: 10    God:
Gold:   71         SH:  5    Dex: 20    Spells: 3/3 levels left

rFire   . . .        a - +0 shortbow
rCold   . . .        (shield currently unavailable)
rNeg    . . .        c - +0 leather armour
rPois   .            (no helmet)
rElec   .            (no cloak)
rCorr   .            (no gloves)
SInv    .            (no boots)
Will    .....        e - amulet of reflection
Stlth   +++          (no ring)
HPRegen 0.24/turn    (no ring)
MPRegen 0.09/turn

%: reflection
@: no status effects
A: small, no large weapons, nightstalker 3
a: no special abilities


You were on level 2 of the Dungeon.
You visited 1 branch of the dungeon, and saw 2 of its levels.

You collected 71 gold pieces.

Inventory:

Hand Weapons
 a - a +0 shortbow (weapon)
Armour
 c - a +0 leather armour (worn)
Jewellery
 e - an amulet of reflection (around neck)
Talismans
 d - a beast talisman
 h - a blade talisman
Wands
 i - a wand of flame (11)
Scrolls
 b - a scroll of butterflies
 f - a scroll of fear {unknown}
 k - a scroll of noise {unknown}
Potions
 g - 2 potions of curing {unknown}
 j - a potion of magic {unknown}


   Skills:
 + Level 3.3 Fighting
 * Level 6.8 Ranged Weapons
 - Level 2.4 Dodging
 - Level 1.3 Stealth


You had 3 spell levels left.
You didn't know any spells.
Your spell library contained the following spells:

 Spells                   Type           Power      Damage    Failure   Level
 Alistair's Intoxication  Tmut/Pois      0%         N/A       100%        5
 Borgnjor's Vile Clutch   Necr/Erth      0%         N/A       100%        5
 Eringya's Noxious Bog    Tmut/Pois      0%         4d6       100%        6


Dungeon Overview and Level Annotations

Branches:
Dungeon (2/15)

Altars:

Annotations:
D:2 Sigmund


Innate Abilities, Weirdness & Mutations

You are small and have problems with some larger weapons.
You are completely attuned to the shadows.


Message History

You shoot an arrow. The arrow hits Sigmund.
Sigmund shouts!
Sigmund is moderately wounded.
You shoot an arrow.
The arrow hits Sigmund but does no damage.
Sigmund is moderately wounded.
Sigmund casts a spell.
Sigmund flickers and vanishes!
Deactivating autopickup; reactivate with Ctrl-A.
No target in view!
No target in view!
No target in view!
Fire: a) +0 shortbow
Press: ? - help, Q - select action, (/) - cycle Shift-Dir - straight line You shoot an arrow.
Fire: a) +0 shortbow
Press: ? - help, Q - select action, (/) - cycle Shift-Dir - straight line You shoot an arrow.
Something hits you!
Fire: a) +0 shortbow
Press: ? - help, Q - select action, (/) - cycle Shift-Dir - straight line You shoot an arrow.
Something hits you.
You shoot an arrow.
You hear some strange, mumbled words.
A magic dart appears from out of thin air!
The magic dart hits you. Something hits you but does no damage.
You shoot an arrow. You shoot an arrow. Something hits you but does no damage.
You shoot an arrow. Something hits you.
* * * LOW HITPOINT WARNING * * *
You shoot an arrow. You shoot an arrow. Something barely misses you.
You shoot an arrow. Something hits you.
* * * LOW HITPOINT WARNING * * *
You shoot an arrow.
You hear some strange, mumbled words.
A magic dart appears from out of thin air!
The magic dart hits you!
You die...

### .# #.# .# #.# .#
#.# .######.# #######
........# #......
#######.###+###......
.............##.@{...
.#.........#.........
.###.###.###.....[...
.#..P......#.........
.#.#.#.#P#.#.........
#.........#........
###.###.###.######
#...._....#.#
###.###.###.#


There were no monsters in sight!

Vanquished Creatures
  2 adders (D:2)
  A worm (D:2)
  2 dart slugs
  5 ball pythons
  2 bats (D:1)
  3 endoplasms
  A giant cockroach (D:1)
  5 goblins
  3 hobgoblins
  4 kobolds (D:1)
  2 quokkas
  3 frilled lizards (D:1)
  16 rats
49 creatures vanquished.

Notes
Turn   | Place    | Note
-------+----------+-------------------------------------------
     0 | D:1      | porpoise the Kobold Hunter began the quest for the Orb.
     0 | D:1      | Reached XP level 1. HP: 12/12 MP: 1/1
    78 | D:1      | Reached XP level 2. HP: 18/18 MP: 2/2
   267 | D:1      | Reached skill level 6 in Ranged Weapons
   323 | D:1      | Reached XP level 3. HP: 22/22 MP: 3/3
  1178 | D:2      | Reached XP level 4. HP: 28/28 MP: 4/4
  1295 | D:2      | Found a faded altar of an unknown god.
  1341 | D:2      | Noticed Sigmund
  1355 | D:2      | Killed from afar by Sigmund

Illustrated notes

Levels and vault maps discovered:
D:1:      dpeg_arrival_arbitrary_c, layout_loops_corners,
          minmay_rat_gold_closets
D:2:      layout_basic, shapermc_ecumenical_altar_mp_urbaneastern, basic_altar,
          minmay_pentomino_x2, uniq_sigmund

Skill      XL: |  1  2  3 |
---------------+----------+-----
Ranged Weapons | 6 |  6.8
Fighting       | 3 |  3.3
Dodging        | |  2.4
Stealth        | |  1.3

Action                     |  1- 3 |  4- 6 || total
---------------------------+-------+-------++-------
   Fire: Shortbow          |    89 |    38 ||   127
 Armour: Leather armour    |     6 |     2 ||     8
  Dodge: Dodged            |    20 |     7 ||    27
  Block: Other             |     8 |     3 ||    11

Table legend: (Time is in decaauts)
 A = Elapsed time spent in this place.
 B = Non-inter-level travel time spent in this place.
 C = Inter-level travel time spent in this place.
 D = Time resting spent in this place.
 E = Time spent auto-exploring this place.
 F = Levels seen in this place.
 G = Mean time per level.
                   A        B        C        D        E       F      G
               +--------+--------+--------+--------+--------+-----+--------+
         Total |   1371 |   1341 |     30 |      0 |   1106 |   2 |  685.5 |
       Dungeon |   1371 |   1341 |     30 |      0 |   1106 |   2 |  685.5 |
               +--------+--------+--------+--------+--------+-----+--------+

Top non-repeatable levels by time:
     D:1: 1164 daAuts
     D:2: 206 daAuts
